 Dungeon Crawl Stone Soup version 0.25-a0-290-g4a1327ee3a (webtiles) character file.

Game seed: 9651258810814456940, levelgen mode: deterministic

129602 Mesmaeker13 the Devastator (level 16, -10/119 HPs)
             Began as a Purple Draconian Conjurer on Dec 14, 2019.
             Was a High Priest of Sif Muna.
             Mangled by an alligator (16 damage)
             ... on level 3 of the Swamp.
             The game lasted 02:04:45 (44164 turns).

Mesmaeker13 the Devastator (DrCj)                  Turns: 44164, Time: 02:04:45

Health: -10/119    AC: 15    Str: 10    XL:     16   Next: 51%
Magic:  24/38      EV: 19    Int: 21    God:    Sif Muna [*****.]
Gold:   1815       SH:  5    Dex: 12    Spells: 12/34 levels left

rFire    . . .     SeeInvis .   o - staff of conjuration
rCold    . . .     Gourm    .   e - +0 buckler
rNeg     . . .     Faith    .   (armour unavailable)
rPois    +         Spirit   .   (helmet restricted)
rElec    .         Reflect  .   t - +2 cloak {MR+}
rCorr    .         Harm     .   H - +2 pair of gloves
MR       +++..                  (no boots)
Stlth    ++........             g - amulet of magic regeneration
HPRegen  0.29/turn              k - ring of magical power
MPRegen  0.51/turn              Q - ring of poison resistance

@: no status effects
A: breathe power, unfitting armour, dopey 1, cold-blooded, AC +9
a: Breathe Dispelling Energy, Channel Magic, Forget Spell, Divine Exegesis,
Renounce Religion


You were on level 3 of the Swamp.
You worshipped Sif Muna.
Sif Muna was extremely pleased with you.
You were very hungry.

You visited 5 branches of the dungeon, and saw 27 of its levels.
You also visited: Ossuary.

You collected 2842 gold pieces.
You spent 1027 gold pieces at shops.

Inventory:

Hand Weapons
 v - the cursed +1 short sword "Mownowk" {pierce, rF++}
   (You bought it in a shop on level 2 of the Orcish Mines)

   It inflicts extra damage upon your enemies.
   It greatly protects you from fire.
   It has a curse placed upon it.
 J - the +7 dagger of Ilantib {freeze, Int+3 Dex+4}
   (You found it on level 5 of the Dungeon)

   It has been specially enchanted to freeze those struck by it, causing extra
   injury to most foes and up to half again as much damage against particularly
   susceptible opponents.
   It can also slow down cold-blooded creatures.
   It affects your intelligence (+3).
   It affects your dexterity (+4).
Missiles
 B - 7 curare-tipped darts (quivered)
Armour
 e - a +0 buckler (worn)
 t - a +2 cloak of magic resistance (worn)
 H - a +2 pair of gloves (worn)
 M - a +0 shield
Magical Staves
 o - an uncursed staff of conjuration (weapon)
 D - an uncursed staff of fire
Jewellery
 f - an uncursed amulet of harm {unknown}
 g - an amulet of magic regeneration (around neck)
 i - an uncursed amulet of the acrobat {unknown}
 k - a ring of magical power (left hand)
 m - an uncursed ring of ice
 C - an uncursed ring of resist corrosion
 F - a +5 ring of intelligence
 Q - a ring of poison resistance (right hand)
Wands
 r - a wand of iceblast (13)
 N - a wand of digging (2)
 T - a wand of enslavement (8)
Scrolls
 c - 9 scrolls of remove curse
 h - 4 scrolls of immolation
 q - a scroll of enchant armour
 s - 4 scrolls of fog
 u - a scroll of holy word
 x - 6 scrolls of teleportation
 y - 4 scrolls of magic mapping
Potions
 a - 2 potions of invisibility {unknown}
 d - 4 potions of resistance
 j - 6 potions of might
 l - 5 potions of heal wounds
 n - a potion of ambrosia {unknown}
 p - 4 potions of magic
 w - 6 potions of flight
 z - 5 potions of curing
 A - 2 potions of mutation
 E - 5 potions of haste
 I - 2 potions of berserk rage {unknown}
 K - 4 potions of brilliance {unknown}
 O - 2 potions of agility {unknown}
Miscellaneous
 L - a lamp of fire (inert)
 P - a crystal ball of energy
Comestibles
 b - 17 rations


   Skills:
 + Level 5.1 Fighting
 - Level 12.9 Dodging
 - Level 1.7 Stealth
 + Level 7.4 Shields
 + Level 9.7 Spellcasting
 - Level 16.1 Conjurations
 - Level 12.0 Hexes
 + Level 12.0 Air Magic
 - Level 8.0 Invocations


You had 12 spell levels left.
You knew the following spells:

 Your Spells              Type           Power        Failure   Level  Hunger
a - Static Discharge      Conj/Air       #######.     1%          3    None
c - Dazzling Flash        Conj/Hex       ######       1%          3    None
d - Fulminant Prism       Conj/Hex       #######...   1%          4    ##.....
e - Lightning Bolt        Conj/Air       #######...   1%          5    ####...
f - Mephitic Cloud        Conj/Pois/Air  ######..     1%          3    None
g - Airstrike             Air            ######....   1%          4    ##.....

Your spell library contained the following spells:

 Spells                   Type           Power        Failure   Level  Hunger
 Magic Dart               Conj           ####         0%          1    None
 Searing Ray              Conj           ######       0%          2    None
 Confusing Touch          Hex            ######       1%          1    None
 Corona                   Hex            ######.      1%          1    None
 Foxfire                  Conj/Fire      ####         1%          1    None
 Shock                    Conj/Air       ####         1%          1    None
 Corpse Rot               Necr/Air       N/A          1%          2    None
 Ensorcelled Hibernation  Hex/Ice        #####.       1%          2    None
 Slow                     Hex            ######..     1%          2    None
 Swiftness                Chrm/Air       #####...     1%          2    None
 Confuse                  Hex            ######..     1%          3    None
 Conjure Flame            Conj/Fire      ######..     1%          3    None
 Stone Arrow              Conj/Erth      ######       1%          3    None
 Silence                  Hex/Air        ######....   1%          5    ####...
 Hailstorm                Conj/Ice       ######..     2%          4    ##.....
 Iskenderun's Mystic Bla  Conj/Tloc      ######..     2%          4    ##.....
 Conjure Ball Lightning   Conj/Air       #######...   3%          6    ######.
 Animate Skeleton         Necr           N/A          7%          1    None
 Apportation              Tloc           ##....       7%          1    None
 Summon Small Mammal      Summ           ##..         7%          1    None
 Fireball                 Conj/Fire      ######....   7%          5    ####...
 Irradiate                Conj/Tmut      ######....   7%          5    ####...
 Iskenderun's Battlesphe  Conj/Chrm      ######..     7%          5    ####...
 Darkness                 Hex            ######....   8%          6    ######.
 Invisibility             Hex            ######..     8%          6    ######.
 Orb of Destruction       Conj           #######...   8%          7    #######
 Blink                    Tloc           N/A          10%         2    None
 Shroud of Golubria       Chrm/Tloc      ##....       10%         2    None
 Metabolic Englaciation   Hex/Ice        #####.....   16%         5    ####...
 Gell's Gravitas          Tloc           ##........   21%         3    None
 Lesser Beckoning         Tloc           ##........   21%         3    None
 Teleport Other           Tloc           ##......     21%         3    None
 Bolt of Magma            Conj/Fire/Erth #####.....   21%         5    ####...
 Freezing Cloud           Conj/Ice/Air   ######....   22%         6    ######.
 Iron Shot                Conj/Erth      ######....   36%         6    ######.
 Starburst                Conj/Fire      ######....   36%         6    ######.
 Passage of Golubria      Tloc           N/A          54%         4    ##.....
 Summon Demon             Summ           ##........   88%         5    ####...
 Summon Forest            Summ/Tloc      ##........   88%         5    ####...
 Discord                  Hex            ######....   97%         8    #######
 Eringya's Noxious Bog    Tmut/Pois      ##........   100%        6    ######.
 Hydra Form               Tmut           ##........   100%        6    ######.
 Statue Form              Tmut/Erth      ##.......    100%        6    ######.
 Dragon Form              Tmut           ##........   100%        7    #######
 Malign Gateway           Summ/Tloc      ##........   100%        7    #######
 Monstrous Menagerie      Summ           ##........   100%        7    #######
 Ring of Flames           Chrm/Fire      ##........   100%        7    #######
 Summon Hydra             Summ           ##........   100%        7    #######
 Lehudib's Crystal Spear  Conj/Erth      ######....   100%        8    #######
 Summon Horrible Things   Summ           ##........   100%        8    #######
 Fire Storm               Conj/Fire      ######....   100%        9    #######
 Glaciate                 Conj/Ice       ######....   100%        9    #######


Dungeon Overview and Level Annotations

Branches:
Dungeon (15/15)            Temple (1/1) D:4            Lair (6/6) D:9
  Swamp (3/4) Lair:4       Spider (0/4) Lair:2          Orc (2/2) D:10
    Elf (0/3) Orc:2        Vaults (0/5) D:14         Depths (0/5) D:15
Ossuary (visited)
  Slime: Lair:5-6

Altars:
Ashenzari
Cheibriados
Dithmenos
Elyvilon
Fedhas
Gozag
Hepliaklqana
Kikubaaqudgha
Makhleb
Nemelex Xobeh
Okawaru
Qazlal
Ru
Sif Muna
Trog
Uskayaw
Vehumet
Wu Jian
Xom
Yredelemnul
Zin
The Shining One
Beogh

Shops:
D:4 }   D:5 :   D:10 (   Orc:1 (   Orc:2 ![(=(!::}

Annotations:
Lair:5 exclusion: oklob plant


Innate Abilities, Weirdness & Mutations

You can breathe bolts of dispelling energy.
Your rich purple scales are hard. (AC +9)
You cannot fit into any form of body armour.
You are cold-blooded and may be slowed by cold attacks.
You are dopey. (Int -2)


Message History

The alligator bites you!!
* * * LOW HITPOINT WARNING * * *
The alligator tail-slaps you.
* * * LOW HITPOINT WARNING * * *
Casting: Static Discharge (safe; 1% risk of failure)
Confirm with . or Enter, or press ? or * to list all spells.
You feel a surge of power!
The alligator is struck by an arc of lightning.
The alligator is almost dead.
You are struck by an arc of lightning.
* * * LOW HITPOINT WARNING * * *
The alligator is struck by an arc of lightning!
The alligator is almost dead.
You are struck by an arc of lightning.
* * * LOW HITPOINT WARNING * * *
The lightning grounds out.
The alligator bites you!!
* * * LOW HITPOINT WARNING * * *
The alligator misses you. The alligator bites you!
You die...

♣♣≈♣♣ ♣♣.≈♣
♣...♣ ♣♣..♣
♣♣♣♣♣..♣
♣≈§...≈♣♣
♣♣....≈.♣♣♣
♣♣♣..≈≈≈.♣♣♣
♣≈≈≈@....♣
♣.♣.≈t≈≈≈....≈≈
♣♣≈.≈.≈≈≈≈.♣≈≈.
♣..≈≈...≈≈≈≈≈≈.
♣..≈..♣.≈≈..≈..
♣≈≈.≈.♣♣♣♣♣♣♣♣♣
♣<..≈♣♣ ♣..≈≈


You could see an alligator.

Vanquished Creatures
  Rupert (D:12)
  Jorgrun (D:13)
  A thorn hunter (Swamp:2)
  Kirke (D:15)
  Aizul (Lair:4)
  Azrael (D:14)
  2 ettins (D:12)
  Snorg (Lair:4)
  A fire dragon (Lair:6)
  Erolcha (D:9)
  11 hydras
  A hydra (shapeshifter) (D:15)
  A shambling mangrove (Swamp:2)
  3 alligators
  2 ghost crabs
  9 two-headed ogres
  A centaur warrior (D:15)
  An ogre mage (D:12)
  2 tengu warriors (D:14)
  11 death yaks
  A queen ant (Lair:3)
  6 orc high priests
  Sonja (Lair:5)
  An iron troll (D:14)
  A skeletal warrior (D:12)
  A shadow wraith (D:14)
  2 unseen horrors
  4 swamp dragons
  3 orc knights (Orc:2)
  An orb spider (Lair:2)
  12 ugly things
  A wolf spider zombie (D:15)
  3 cyclopes
  A deep elf mage (D:14)
  A manticore (D:14)
  A black mamba (shapeshifter) (D:14)
  Maurice (D:9)
  2 black mambas
  6 torpor snails
  A gargoyle (D:11)
  17 spiny frogs
  An efreet (D:15)
  8 komodo dragons
  A kobold demonologist (D:11)
  5 yaktaurs (D:15)
  A freezing wraith (D:15)
  5 rime drakes
  A tengu conjurer (D:14)
  3 meliai (D:12)
  A queen bee (D:12)
  6 trolls
  5 blink frogs (Lair:4)
  6 tyrant leeches
  14 polar bears
  4 hornets
  Prince Ribbit (D:9)
  9 hippogriffs
  8 bog bodies
  5 dream sheep (Lair:5)
  A raiju (Lair:6)
  Sigmund (D:6)
  21 slime creatures
  3 shadows
  7 basilisks
  2 spriggans
  2 wyverns
  35 yaks
  Grum (D:9)
  3 fire elementals (D:14)
  A basilisk (shapeshifter) (D:15)
  3 hungry ghosts
  2 steam dragons (Lair:6)
  12 vampire mosquitoes
  3 insubstantial wisps (Swamp:2)
  21 soldier ants
  10 swamp worms
  2 acid dragons
  7 wargs
  A swamp worm (shapeshifter) (D:13)
  16 water moccasins
  18 hell hounds
  2 sky beasts
  3 swamp drakes
  15 porcupines
  19 black bears
  9 ice beasts
  36 orc warriors
  3 phantoms
  A necrophage (D:14)
  28 wolves
  13 centaurs
  13 ogres
  3 boggarts (D:15)
  22 crocodiles
  4 big kobolds
  17 bullfrogs
  2 wyvern zombies (Ossuary)
  A wyvern skeleton (D:14)
  2 scorpions
  39 killer bees
  10 wights
  3 electric eels (D:10)
  A howler monkey (D:4)
  3 centaur zombies
  10 crimson imps
  4 centaur skeletons
  28 orc priests
  A bullfrog zombie (Ossuary)
  3 jellies
  10 hounds
  2 quasits
  2 bullfrog skeletons
  8 iguanas
  12 mummies (Ossuary)
  29 worker ants
  34 orc wizards
  2 hell rats
  A killer bee zombie (Ossuary)
  A hound zombie (Ossuary)
  A howler monkey zombie (Ossuary)
  2 worker ant zombies
  4 gnolls (Orc:1)
  13 adders
  5 shadow imps
  5 adder zombies
  An adder skeleton (D:6)
  5 worms
  3 leopard geckos
  99 orcs
  5 ball pythons
  8 bats
  6 giant cockroaches
  5 goblins
  8 hobgoblins
  10 jackals
  2 quokkas
  4 frilled lizards
  3 giant cockroach zombies (Ossuary)
  A jackal skeleton (D:7)
  A jackal zombie (Ossuary)
  14 kobolds
  2 quokka zombies (Ossuary)
  7 rats
  A butterfly (Lair:1)
  7 fungi
  8 plants
1002 creatures vanquished.

Vanquished Creatures (collateral kills)
  2 yaks (Lair:5)
  2 orc warriors
  An orc priest (Orc:2)
  3 orcs (D:10)
8 creatures vanquished.

Vanquished Creatures (others)
  A komodo dragon (Lair:6)
  2 yaks (Lair:5)
  2 humans (D:15)
  3 centaurs (D:12)
  An orc priest (Orc:2)
  An iguana (D:12)
  2 orcs
  358 fulminant prisms
  14 fungi
  41 plants
  A withered plant (Ossuary)
426 creatures vanquished.

Grand Total: 1436 creatures vanquished

Notes
Turn   | Place    | Note
-------+----------+-------------------------------------------
     0 | D:1      | Mesmaeker13 the Draconian Conjurer began the quest for the
                  | Orb.
     0 | D:1      | Reached XP level 1. HP: 14/14 MP: 3/3
   288 | D:1      | Reached XP level 2. HP: 19/20 MP: 0/5
  1087 | D:2      | Learned a level 2 spell: Searing Ray
  1089 | D:2      | Reached XP level 3. HP: 26/26 MP: 6/6
  1949 | D:3      | Found a sacrificial altar of Ru.
  1956 | D:3      | Reached skill level 5 in Conjurations
  1956 | D:3      | Reached XP level 4. HP: 33/33 MP: 8/8
  2408 | D:3      | Reached XP level 5. HP: 38/38 MP: 9/9
  2647 | D:3      | You fall into a shaft and drop 1 floor!
  2978 | D:4      | Found a sand-covered staircase.
  2983 | Ossuary  | Entered an ossuary
  2990 | Ossuary  | Reached XP level 6. HP: 45/45 MP: 11/11
  3141 | Ossuary  | Reached skill level 6 in Conjurations
  3174 | Ossuary  | Your scales start taking on a rich purple colour.
  3174 | Ossuary  | Reached skill level 5 in Spellcasting
  3174 | Ossuary  | Reached XP level 7. HP: 40/50 MP: 3/14
  4780 | D:3      | Learned a level 3 spell: Dazzling Flash
  5098 | D:4      | Found a staircase to the Ecumenical Temple.
  5114 | Temple   | Entered the Ecumenical Temple
  5193 | Temple   | Became a worshipper of Sif Muna the Loreminder
  5380 | D:4      | Found Xeidox's Gadget Boutique.
  5441 | D:4      | Found a transporter.
  5486 | D:4      | Found a burning altar of Makhleb.
  5659 | D:4      | Reached skill level 1 in Hexes
  5680 | D:4      | Found a transporter.
  5900 | D:5      | Entered Level 5 of the Dungeon
  6057 | D:5      | Got a crystal hunting sling
  6115 | D:5      | Reached XP level 8. HP: 57/57 MP: 17/17
  6125 | D:5      | Identified the +3 hunting sling of Vengeance {flame, MR+}
                  | (You found it on level 5 of the Dungeon)
  6138 | D:5      | Found an ornate altar of the Wu Jian Council.
  6145 | D:5      | Reached skill level 5 in Dodging
  6145 | D:5      | Reached skill level 7 in Conjurations
  6267 | D:5      | Got a crude spear
  6880 | D:5      | Got a dazzling dagger
  6889 | D:5      | Found Nohafaf's Book Boutique.
  7224 | D:6      | Identified the +7 dagger of Ilantib {freeze, Int+3 Dex+4}
                  | (You found it on level 5 of the Dungeon)
  7236 | D:6      | Learned a level 4 spell: Fulminant Prism
  7297 | D:6      | Noticed Sigmund
  7302 | D:6      | Killed Sigmund
  7385 | D:6      | Reached * piety under Sif Muna
  7627 | D:6      | Reached skill level 1 in Shields
  8227 | D:7      | Noticed a two-headed ogre
  8245 | D:7      | Killed a two-headed ogre
  8245 | D:7      | Reached skill level 8 in Conjurations
  8245 | D:7      | Reached XP level 9. HP: 62/62 MP: 19/20
  8339 | D:7      | Reached skill level 5 in Hexes
  8610 | D:7      | Found a shimmering blue altar of Sif Muna.
  9051 | D:7      | Found a glowing golden altar of the Shining One.
  9732 | D:8      | Reached skill level 9 in Conjurations
  9934 | D:8      | Reached XP level 10. HP: 68/69 MP: 22/22
 10092 | D:8      | Reached ** piety under Sif Muna
 10368 | D:9      | Noticed a two-headed ogre
 10374 | D:9      | Killed a two-headed ogre
 10397 | D:9      | Noticed Grum
 10400 | D:9      | Killed Grum
 10401 | D:9      | Reached skill level 10 in Conjurations
 10470 | D:9      | Identified the cursed +2 spear "Xainaq" {flame, Dex+4} (You
                  | found it on level 5 of the Dungeon)
 10819 | D:9      | Noticed Erolcha
 10906 | D:9      | Noticed Maurice
 10930 | D:9      | Killed Maurice
 11256 | D:9      | Noticed a two-headed ogre
 11267 | D:9      | Killed a two-headed ogre
 11292 | D:9      | Noticed a death yak
 11322 | D:9      | Killed a death yak
 11322 | D:9      | Reached XP level 11. HP: 74/74 MP: 17/23
 11322 | D:9      | Noticed a death yak
 11342 | D:9      | Noticed a death yak
 11346 | D:9      | Found a staircase to the Lair.
 11353 | Lair:1   | Entered Level 1 of the Lair of Beasts
 11557 | Lair:1   | Reached *** piety under Sif Muna
 11672 | Lair:1   | Reached skill level 11 in Conjurations
 12044 | Lair:1   | Reached skill level 10 in Hexes
 12810 | Lair:2   | Reached **** piety under Sif Muna
 13303 | Lair:2   | Found a hole to the Spider Nest.
 13303 | Lair:2   | Noticed an orb spider
 13311 | Lair:2   | Killed an orb spider
 13738 | Lair:3   | Learned a level 5 spell: Lightning Bolt
 13819 | Lair:3   | Reached skill level 12 in Conjurations
 13912 | Lair:3   | Noticed a six-headed hydra
 13926 | Lair:3   | Killed a six-headed hydra
 13926 | Lair:3   | Reached XP level 12. HP: 54/81 MP: 24/24
 14524 | Lair:3   | Noticed a queen ant
 14585 | Lair:3   | Killed a queen ant
 14900 | Lair:3   | Reached ***** piety under Sif Muna
 15841 | Lair:4   | Reached skill level 1 in Air Magic
 15846 | Lair:4   | Noticed Snorg
 16592 | Lair:4   | Reached skill level 13 in Conjurations
 16718 | Lair:4   | Identified Sif Muna's Disquisition on Bewitching Attacks
                  | (Sif Muna gifted it to you on level 4 of the Lair of
                  | Beasts)
 16718 | Lair:4   | Received a gift from Sif Muna
 16776 | Lair:4   | Found a staircase to the Swamp.
 17092 | Lair:4   | Killed Snorg
 17233 | Lair:4   | Noticed a death yak
 17233 | Lair:4   | Noticed a death yak
 17244 | Lair:4   | Killed a death yak
 17244 | Lair:4   | Reached skill level 10 in Dodging
 17244 | Lair:4   | Reached XP level 13. HP: 79/86 MP: 22/25
 17944 | Lair:5   | Noticed Sonja
 18323 | Lair:5   | Killed Sonja
 18323 | Lair:5   | Reached skill level 5 in Air Magic
 18477 | Lair:5   | Found a snail-covered altar of Cheibriados.
 19101 | Lair:6   | Entered Level 6 of the Lair of Beasts
 19823 | Lair:6   | Reached skill level 14 in Conjurations
 19869 | Lair:6   | Identified Sif Muna's Disquisition on Calling and Lightness
                  | (Sif Muna gifted it to you on level 6 of the Lair of
                  | Beasts)
 19869 | Lair:6   | Received a gift from Sif Muna
 21502 | Lair:6   | Reached XP level 14. HP: 52/93 MP: 26/26
 24084 | D:9      | Noticed Prince Ribbit
 24092 | D:9      | Killed Prince Ribbit
 24379 | D:9      | Killed Erolcha
 24545 | D:10     | Entered Level 10 of the Dungeon
 24579 | D:10     | Received a gift from Sif Muna
 24836 | D:10     | Found a staircase to the Orcish Mines.
 24899 | D:10     | Found Vacziel's Weapon Shoppe.
 24958 | D:10     | Reached skill level 15 in Conjurations
 25085 | D:10     | Reached skill level 1 in Invocations
 27180 | D:5      | Found a glowing silver altar of Zin.
 27180 | D:5      | Found a hide-covered altar of Uskayaw.
 27183 | D:5      | Found a white marble altar of Elyvilon.
 28613 | D:12     | You fall into a shaft and drop 1 floor!
 28715 | D:12     | Identified Sif Muna's Tome of Confrontation (Sif Muna
                  | gifted it to you on level 12 of the Dungeon)
 28715 | D:12     | Received a gift from Sif Muna
 28896 | D:12     | Noticed Rupert
 29654 | Orc:1    | Entered Level 1 of the Orcish Mines
 29667 | Orc:1    | Learned a level 3 spell: Mephitic Cloud
 29808 | Orc:1    | Found Ughowy's Antique Weapon Shoppe.
 29826 | Orc:1    | Bought a fine dagger for 119 gold pieces
 29900 | Orc:1    | Found a roughly hewn altar of Beogh.
 30170 | Orc:2    | Entered Level 2 of the Orcish Mines
 30170 | Orc:2    | Found Tifol's Armour Shop.
 30362 | Orc:2    | Found Poratisk's Antique Weapon Shop.
 30365 | Orc:2    | Found Jafep's Jewellery Shoppe.
 30777 | Orc:2    | Bought a +1 cloak of magic resistance for 280 gold pieces
 30805 | Orc:2    | Found Zoischaom's Antique Weapon Shop.
 30990 | Orc:2    | Found Cupricvoxe's Distillery.
 31179 | Orc:2    | Found a staircase to the Elven Halls.
 31823 | Orc:2    | Reached XP level 15. HP: 87/99 MP: 27/27
 31827 | Orc:2    | Gained mutation: You are dopey. (Int -2) [a neqoxec]
 31977 | Orc:2    | Reached skill level 10 in Air Magic
 32002 | Orc:2    | Identified Tuji's Guide on Creative Attacks (Sif Muna
                  | gifted it to you on level 2 of the Orcish Mines)
 32002 | Orc:2    | Received a gift from Sif Muna
 32139 | Orc:2    | Reached skill level 5 in Invocations
 32289 | Orc:2    | Found Veecer's Book Emporium.
 32289 | Orc:2    | Found Xahef's Distillery.
 32290 | Orc:2    | Found Lourphuw's Gadget Emporium.
 32290 | Orc:2    | Found Pihiud's Book Shoppe.
 32301 | Orc:2    | Bought 2 potions of curing for 90 gold pieces
 32301 | Orc:2    | Bought a potion of curing for 45 gold pieces
 32401 | Orc:2    | Bought a fine scimitar for 261 gold pieces
 32401 | Orc:2    | Bought a slimy short sword for 232 gold pieces
 32621 | D:12     | Killed Rupert
 33945 | D:13     | Learned a level 4 spell: Airstrike
 34228 | D:13     | Noticed Jorgrun
 34243 | D:13     | Killed Jorgrun
 34977 | D:14     | Identified Sif Muna's Volume of Beguiling (Sif Muna gifted
                  | it to you on level 14 of the Dungeon)
 34977 | D:14     | Received a gift from Sif Muna
 35756 | D:14     | Noticed Azrael
 35774 | D:14     | Killed Azrael
 35786 | D:14     | Reached skill level 5 in Shields
 36165 | D:14     | Reached skill level 16 in Conjurations
 36192 | D:14     | Found a shattered altar of Ashenzari.
 36790 | D:14     | Found a gate to the Vaults.
 36839 | D:15     | Entered Level 15 of the Dungeon
 37785 | D:15     | Reached skill level 1 in Fighting
 37804 | D:15     | Identified Sif Muna's Papyrus of Aerial Enhancements (Sif
                  | Muna gifted it to you on level 15 of the Dungeon)
 37804 | D:15     | Received a gift from Sif Muna
 38285 | D:15     | Noticed Kirke
 38290 | D:15     | Killed Kirke
 38290 | D:15     | Reached XP level 16. HP: 111/111 MP: 24/28
 39056 | D:15     | Found a staircase to the Depths.
 39247 | Swamp:1  | Entered Level 1 of the Swamp
 39271 | Swamp:1  | Noticed Aizul
 39735 | Lair:4   | Killed Aizul
 41632 | Lair:1   | Identified the cursed +1 dagger of Debt {holy, rF+} (You
                  | bought it in a shop on level 1 of the Orcish Mines)
 41633 | Lair:1   | Identified the +6 scimitar of the Doomed Warrior {venom,
                  | +Rage} (You bought it in a shop on level 2 of the Orcish
                  | Mines)
 41634 | Lair:1   | Identified the cursed +1 short sword "Mownowk" {pierce,
                  | rF++} (You bought it in a shop on level 2 of the Orcish
                  | Mines)
 41678 | Lair:1   | Learned a level 3 spell: Static Discharge
 42104 | Swamp:2  | Noticed a thorn hunter
 42112 | Swamp:2  | Killed a thorn hunter
 43159 | Swamp:2  | Identified Sif Muna's Papyrus of Conjuration (Sif Muna
                  | gifted it to you on level 2 of the Swamp)
 43159 | Swamp:2  | Received a gift from Sif Muna
 43794 | Swamp:3  | Reached skill level 5 in Fighting
 44163 | Swamp:3  | HP: 5/119 [alligator (18)]
 44164 | Swamp:3  | Mangled by an alligator

Levels and vault maps discovered:
D:1:      tarquinn_simple_flora_water_c, layout_basic
D:2:      layout_loops_ring, minmay_misc_feat_ornament
D:3:      minmay_wonky_spiral, layout_basic, chequers_mini_garden,
          nicolae_ru_great_annihilating_truth
D:4:      gammafunk_cloud_chamber, layout_basic, makhleb_grotto_becter,
          minmay_temple_entry_mist, first_ration, serial_shops, kennysheep_mini,
          enter_ossuary_2
D:5:      layout_loops_cross, nicolae_overflow_crystal_walls,
          nicolae_overflow_hidden_temple, serial_shops, nicolae_shop_waterfront
D:6:      layout_loops_corners, uniq_sigmund
D:7:      layout_layer_cave, lemuel_coloured_pillars_altar, basic_altar
D:8:      minmay_bubble_buster, layout_loops_ring
D:9:      layout_cave_pods, dpeg_lair_monsters, uniq_maurice, uniq_erolcha,
          uniq_prince_ribbit1, uniq_grum
D:10:     layout_basic, erik_orc_2, serial_shops, shop_statue, the_bakery
D:11:     layout_irregular_city, evilmike_butchery
D:12:     regret_index_combs_of_tragedy, layout_cave_pools, serial_column_ruins,
          column_ruins_circle_medium, column_ruins_hut_ruined,
          column_ruins_grid_1, column_ruins_columns_straight,
          column_ruins_open_small, column_ruins_columns_straight,
          column_ruins_grid_2, column_ruins_grid_3, lemuel_flamethrower_2,
          uniq_rupert
D:13:     layout_irregular_city, uniq_jorgrun
D:14:     layout_basic, david_vaults_4, minmay_crystal_room, ashenzari_altar_1,
          uniq_azrael
D:15:     gammafunk_enter_depths_forms, layout_loops_ring, uniq_kirke
Temple:   eino_temple_rhombus
Lair:1:   layout_regular_city, infiniplex_staircase_pool, lemuel_fruit_fields
Lair:2:   layout_long_grid, nicolae_spider_entry_orb_guardian,
          beast_lair_carwin_5
Lair:3:   beast_lair_carwin_large_1, layout_cave_pods,
          chequers_serial_rivers_room_a, minivault_29
Lair:4:   layout_roguey, skrybe_swamp_entry_bodies, lemuel_fruit_tree,
          grunt_megastairs_1, uniq_snorg
Lair:5:   layout_loops_ring, minmay_slime_entry_oklob_enclosed,
          kennysheep_snail_temple, grunt_megastairs_5, uniq_sonja
Lair:6:   guppyfry_lair_end_dragon, layout_long_grid,
          hangedman_lair_caniforms_friends, portal_ice_cave_rime
Swamp:1:  layout_basic_swamp, evilmike_swamp_ruin_house_5, uniq_aizul
Swamp:2:  layout_basic_swamp, hangedman_swamp_pad
Swamp:3:  layout_falls_marsh, evilmike_swamp_ruin_house_6
Orc:1:    layout_diamond_mine, serial_shops, shop, basic_altar
Orc:2:    st_orc_pillars, layout_diamond_mine, serial_shops,
          nicolae_shop_statue_plus, nicolae_shop_trees,
          nicolae_shop_overgrown_old_shop, shop,
          minmay_shop_enchanted_jewellery, statue_in_the_mist_lemuel

Skill      XL: |  1  2  3  4  5  6  7  8  9 10 11 12 13 14 15 16 |
---------------+-------------------------------------------------+-----
Dodging        | 2 3 4 5 6 8 10 11 12 | 12.9
Conjurations   | 5 6 8 9 10 12 13 14 15 16 | 16.1
Spellcasting   | 3 5 6 7 8 9 |  9.7
Hexes          | 1 4 6 9 11 12 | 12.0
Shields        | 2 4 6 7 |  7.4
Air Magic      | 4 7 9 11 12 | 12.0
Invocations    | 4 7 8 |  8.0
Fighting       | 2 5 |  5.1
Stealth        | |  1.7

Action                   |  1- 3 |  4- 6 |  7- 9 | 10-12 | 13-15 | 16-18 || total
-------------------------+-------+-------+-------+-------+-------+-------++-------
Melee: Unarmed           |    10 |       |       |       |       |       ||    10
       Whip              |    27 |       |    27 |       |       |       ||    54
       Tailslap          |     4 |     1 |     8 |     1 |     9 |       ||    23
       Staff             |     6 |     3 |     3 |     7 |    67 |     2 ||    88
       Dagger            |       |       |    13 |       |     5 |       ||    18
Throw: Dart              |       |       |     6 |       |    11 |     1 ||    18
 Cast: Magic Dart        |    47 |    30 |   151 |   203 |   487 |     4 ||   922
       Searing Ray       |     4 |    19 |    46 |   101 |   269 |    34 ||   473
       Fulminant Prism   |       |       |     8 |    73 |   233 |    44 ||   358
       Dazzling Flash    |       |       |     6 |    11 |    11 |     1 ||    29
       Lightning Bolt    |       |       |       |     1 |    92 |    55 ||   148
       Airstrike         |       |       |       |       |    10 |    15 ||    25
       Mephitic Cloud    |       |       |       |       |     3 |       ||     3
       Static Discharge  |       |       |       |       |       |    32 ||    32
Invok: Channel Magic     |       |       |       |       |       |     1 ||     1
 Abil: Breathe Dispellin |       |       |     1 |     3 |     3 |     1 ||     8
Evoke: Wand              |       |       |       |    34 |    40 |       ||    74
       Lamp of fire      |       |       |       |       |     3 |     1 ||     4
       Phantom mirror    |       |       |       |       |     1 |       ||     1
  Use: Scroll            |     1 |       |     7 |     8 |    17 |     8 ||    41
       Potion            |       |     2 |       |     1 |    14 |       ||    17
 Stab: Sleeping          |     3 |       |     3 |       |       |       ||     6
  Eat: Chunk             |     4 |     2 |    14 |    23 |    36 |     6 ||    85
       Ration            |       |     1 |     2 |     2 |    20 |     8 ||    33
Armor: Skin              |    10 |     5 |    26 |    50 |   180 |    62 ||   333
Dodge: Dodged            |    31 |    20 |   101 |   169 |   537 |   132 ||   990
Block: Buckler           |       |       |     6 |    45 |   142 |    39 ||   232

Table legend:
 A = Non-vault XP
 B = Vault XP
 C = Vault XP percentage of total XP
 D = Non-vault monster count
 E = Vault monster count
 F = Vault count percentage of total count
                 A         B        C        D         E       F
            +---------+---------+-------+---------+---------+-------
      Total |  109579 |   75568 |  40.8 |     637 |     360 |  36.1
            +---------+---------+-------+---------+---------+-------
        D:1 |      30 |       0 |   0.0 |      19 |       0 |   0.0
        D:2 |      41 |       0 |   0.0 |      15 |       0 |   0.0
        D:3 |     221 |      52 |  19.0 |      24 |       8 |  25.0
        D:4 |     199 |     561 |  73.8 |      11 |       5 |  31.2
        D:5 |     781 |       0 |   0.0 |      21 |       0 |   0.0
        D:6 |     245 |     242 |  49.7 |       9 |       1 |  10.0
        D:7 |    1911 |       0 |   0.0 |      19 |       0 |   0.0
        D:8 |    1070 |     268 |  20.0 |      26 |       6 |  18.8
        D:9 |    3661 |    5231 |  58.8 |      37 |      13 |  26.0
       D:10 |    1153 |    1190 |  50.8 |      13 |      21 |  61.8
       D:11 |    4269 |       0 |   0.0 |      39 |       0 |   0.0
       D:12 |    7146 |   14781 |  67.4 |      35 |      53 |  60.2
       D:13 |    2743 |    2520 |  47.9 |      29 |       2 |   6.5
       D:14 |    8560 |    5627 |  39.7 |      37 |      11 |  22.9
       D:15 |   11076 |    5875 |  34.7 |      31 |      11 |  26.2
     Lair:1 |    3615 |      36 |   1.0 |      21 |       1 |   4.5
     Lair:2 |    2800 |    1927 |  40.8 |      17 |       9 |  34.6
     Lair:3 |    5072 |    6584 |  56.5 |      21 |      50 |  70.4
     Lair:4 |    9803 |    3323 |  25.3 |      27 |       5 |  15.6
     Lair:5 |    7184 |    2608 |  26.6 |      33 |       7 |  17.5
     Lair:6 |    9803 |   15430 |  61.2 |      29 |      75 |  72.1
    Swamp:1 |    7235 |       0 |   0.0 |      22 |       0 |   0.0
    Swamp:2 |   13071 |       0 |   0.0 |      34 |       0 |   0.0
    Swamp:3 |    3495 |       0 |   0.0 |       7 |       0 |   0.0
      Orc:1 |    2552 |       0 |   0.0 |      37 |       0 |   0.0
      Orc:2 |    1843 |    8548 |  82.3 |      24 |      53 |  68.8
    Ossuary |       0 |     765 | 100.0 |       0 |      29 | 100.0
            +---------+---------+-------+---------+---------+-------
